 Dungeon Crawl Stone Soup version 0.29.1-13-g9f3cf754e1 (webtiles) character file.

Game seed: 6996485159036843831

690 sillycutie the Cleaver (level 7, -2/57 HPs)
             Began as a Minotaur Berserker on Jan 24, 2023.
             Was a Follower of Trog.
             Slain by a two-headed ogre
             ... wielding a +0 giant club
              (18 damage)
             ... on level 5 of the Dungeon on Jan 27, 2023.
             The game lasted 00:23:14 (3727 turns).

sillycutie the Cleaver (Minotaur Berserker)         Turns: 3727, Time: 00:23:15

Health: -2/57      AC:  9    Str: 23    XL:     7   Next: 36%
Magic:  6/6        EV:  8    Int:  4    God:    Trog [*.....]
Gold:   242        SH:  0    Dex: 10    Spells: 6/6 levels left

rFire   . . .      SeeInvis .   l - +1 war axe
rCold   + + .      Faith    .   (no shield)
rNeg    . . .      Spirit   .   r - +0 chain mail
rPois   .          Reflect  .   (helmet restricted)
rElec   .          Harm     .   (no cloak)
rCorr   .          Rampage  .   g - +0 pair of gloves of Kamu {rC++}
Will    .....                   (no boots)
Stlth   ..........              (no amulet)
HPRegen 0.19/turn               d - ring of fire
MPRegen 0.10/turn               h - ring of ice

@: on berserk cooldown, slowed, very slow
A: horns 2, retaliatory headbutt
a: Renounce Religion, Berserk


You were on level 5 of the Dungeon.
You worshipped Trog.
Trog was aware of your devotion.
You visited 1 branch of the dungeon, and saw 5 of its levels.

You collected 242 gold pieces.

Inventory:

Hand Weapons
 a - a +0 hand axe
 l - a +1 war axe (weapon)
 w - a +0 flail
Missiles
 t - 2 javelins
 u - 25 stones
 v - a boomerang (quivered)
 A - 3 poisoned darts
Armour
 b - a +0 animal skin
 e - a +0 scale mail
 g - the +0 pair of gloves of Kamu (worn) {rC++}
   (You found it on level 3 of the Dungeon)

   rC:        It greatly protects you from cold.
 k - a +0 pair of gloves
 r - a +0 chain mail (worn)
Jewellery
 d - a ring of fire (left hand)
 h - a ring of ice (right hand)
 y - the ring "Siakoosu" {rElec MP+9 Int+4 Dex-3}
   (You found it on level 4 of the Dungeon)

   [ring of magical power]

   Int:       It affects your intelligence (+4).
   Dex:       It affects your dexterity (-3).
   rElec:     It insulates you from electricity.
   MP:        It affects your magic capacity (+9).
Wands
 p - a wand of digging (5)
Scrolls
 c - a scroll of summoning {unknown}
 m - a scroll of magic mapping {unknown}
 o - a scroll of poison {unknown}
 q - 3 scrolls of teleportation
 x - a scroll of enchant weapon
 z - a scroll of torment {unknown}
Potions
 f - a potion of brilliance {unknown}
 i - a potion of curing
 j - 2 potions of heal wounds
 n - a potion of resistance {unknown}


   Skills:
 - Level 3.6 Fighting
 * Level 10.4 Axes
 - Level 2.4 Armour
 - Level 2.1 Dodging


You had 6 spell levels left.
You didn't know any spells.
Your spell library was empty.

Dungeon Overview and Level Annotations

Branches:
Dungeon (5/15)
 Temple: D:4-7

Altars:
Makhleb
Nemelex Xobeh
Ru
Zin


Innate Abilities, Weirdness & Mutations

You have a pair of horns on your head.
You reflexively headbutt those who attack you in melee.


Message History

You climb downwards.
There is a stone staircase leading up here.
There is a stone staircase leading up here.
A howler monkey comes into view.
Found a dagger.
The howler monkey howls!
A red film seems to cover your vision as you go berserk!
You feel yourself moving faster!
You feel mighty!
A two-headed ogre comes into view. It is wielding two +0 giant clubs.
Found a glowing silver altar of Zin.
You feel a strong urge to attack something.
The two-headed ogre shouts in stereo!
You hear a shout!
You slice the howler monkey!!
You kill the howler monkey!
Trog accepts your kill.
A hound comes into view.
Found a leather armour and a scale mail.
The hound barks!
You feel a strong urge to attack something.
You slash the two-headed ogre! You headbutt the two-headed ogre!
The two-headed ogre is heavily wounded.
You are no longer berserk.
You are exhausted.
You feel yourself slow down.
The two-headed ogre hits you with a +0 giant club.
The two-headed ogre barely misses you.
An orc comes into view. It is wielding a +0 club.
You hit the two-headed ogre.
The two-headed ogre is heavily wounded.
The two-headed ogre hits you with a +0 giant club!!
The two-headed ogre hits you with a +0 giant club!
You are too injured to fight recklessly!
Okay, then.
You feel better. The hound bites you but does no damage.
The two-headed ogre hits you with a +0 giant club!
* * * LOW HITPOINT WARNING * * *
The two-headed ogre barely misses you. The hound bites you but does no damage.
The two-headed ogre attacks as you move away!
The two-headed ogre hits you with a +0 giant club!!
You die...

##.# #.# #.##
#..# # ##.##.#
##....##
##......#
##.†.....#
#@........#
#Oh.........#
#)............
...............
Po._..PPPP..≈≈≈≈
.................
####.........[.[
#...........


You could see a two-headed ogre, a hound and an orc.

Vanquished Creatures
  A water moccasin (D:4)
  A phantom (D:4)
  A necrophage (D:4)
  2 scorpions (D:4)
  A howler monkey (D:5)
  2 hounds (D:4)
  2 orc priests
  3 orc wizards (D:3)
  2 adders
  2 ufetubi (D:4)
  A worm (D:4)
  2 dart slugs
  11 orcs
  4 ball pythons
  4 endoplasms (D:4)
  3 giant cockroaches
  6 goblins
  7 hobgoblins
  4 jackals (D:1)
  6 kobolds
  2 quokkas
  3 bats (D:2)
  2 frilled lizards (D:1)
  6 rats
78 creatures vanquished.

Notes
Turn   | Place    | Note
-------+----------+-------------------------------------------
     0 | D:1      | sillycutie the Minotaur Berserker began the quest for the
                  | Orb.
     0 | D:1      | Reached XP level 1. HP: 19/19 MP: 0/0
   281 | D:1      | Reached skill level 4 in Axes
   493 | D:1      | Found a faded altar of an unknown god.
   626 | D:1      | Reached XP level 2. HP: 24/26 MP: 1/1
  1233 | D:2      | Reached skill level 5 in Axes
  1237 | D:2      | Found a sparkling altar of Nemelex Xobeh.
  1254 | D:2      | Reached XP level 3. HP: 31/31 MP: 2/2
  1894 | D:3      | Reached ** piety under Trog
  1942 | D:3      | Reached skill level 6 in Axes
  1942 | D:3      | Reached XP level 4. HP: 39/39 MP: 3/3
  1948 | D:3      | Identified the +0 pair of gloves of Kamu {rC++}
  2264 | D:3      | Found a burning altar of Makhleb.
  2332 | D:3      | Reached XP level 5. HP: 45/45 MP: 4/4
  2334 | D:3      | Reached skill level 7 in Axes
  2699 | D:4      | Reached skill level 8 in Axes
  2706 | D:4      | Reached XP level 6. HP: 51/51 MP: 5/5
  2755 | D:4      | Identified the +5 long sword "Ywedong" {pain, rC+ Dex+6}
  2814 | D:4      | Found a sacrificial altar of Ru.
  2978 | D:4      | Reached skill level 9 in Axes
  3159 | D:4      | Reached XP level 7. HP: 57/57 MP: 6/6
  3161 | D:4      | Identified the ring "Siakoosu" {rElec MP+9 Int+4 Dex-3}
  3179 | D:4      | Reached skill level 10 in Axes
  3699 | D:5      | Entered Level 5 of the Dungeon
  3719 | D:5      | Found a glowing silver altar of Zin.
  3719 | D:5      | Noticed a two-headed ogre
  3727 | D:5      | Slain by a two-headed ogre

Illustrated notes

Levels and vault maps discovered:
D:1:      dpeg_arrival_leaves_temple_mockup, layout_loops_corners,
          hellmonk_ecumenical_altar_blasted
D:2:      layout_loops_cross, basic_altar, nicolae_figureground_pulse
D:3:      layout_basic, lemuel_round_altar
D:4:      minmay_octagon_keep, layout_rooms, nicolae_ru_path_of_blood
D:5:      layout_cave_pods, vehumet_altar_wand_db,
          mainiacjoe_overflow_boulevard, mainiacjoe_overflow_tiny_flanked

Skill      XL: |  1  2  3  4  5  6  7 |
---------------+----------------------+-----
Axes           | 4 5 6 8 9 10 | 10.4
Fighting       | |  3.6
Armour         | |  2.4
Dodging        | |  2.1

Action                   |  1- 3 |  4- 6 |  7- 9 || total
-------------------------+-------+-------+-------++-------
Melee: Hand axe          |    51 |       |       ||    51
       Headbutt          |     6 |     8 |     1 ||    15
       War axe           |     3 |    67 |     9 ||    79
Throw: Stone             |    15 |    13 |       ||    28
       Javelin           |    18 |     9 |       ||    27
       Boomerang         |       |     9 |     7 ||    16
Invok: Berserk           |     1 |     6 |     1 ||     8
       Trog's Hand       |     1 |     6 |       ||     7
  Use: Scroll            |       |     1 |     3 ||     4
       Potion            |       |       |     1 ||     1
Armor: Scale mail        |    20 |     2 |       ||    22
       Animal skin       |     1 |       |       ||     1
       Chain mail        |       |    46 |     4 ||    50
Dodge: Dodged            |    39 |    35 |     3 ||    77
